 Dungeon Sprint DCSS version 0.14.2 (webtiles) character file.

865 Groucho the Jinx (level 6, -4/28 HPs)
             Began as a Spriggan Enchanter on June 29, 2016.
             Slain by a mermaid
             ... wielding a +0,+0 trident
              (16 damage)
             ... in the Dungeon (Sprint II: "The Violet Keep of Menkaure").
             The game lasted 00:02:32 (362 turns).

Groucho the Jinx (Spriggan Enchanter)                Turns: 362, Time: 00:02:32

HP  -4/28        AC  3     Str  6      XL: 6   Next: 45%
MP  21/26        EV 18     Int 13 (17) God:
Gold 486         SH  0     Dex 16      Spells:  3 memorised, 20 levels left

rFire  . . .     SeeInvis +     a - +1 dagger
rCold  . . .     Clarity  .     b - +1 robe
rNeg   . . .     Conserve .     (shield restricted)
rPois  .         rCorr    .     (helmet restricted)
rElec  .         rRot     .     (no cloak)
SustAb . .       Spirit   .     (gloves unavailable)
rMut   .         Warding  .     (boots unavailable)
Saprov . . .     NoTele   +     (no amulet)
MR     +....                    (no ring)
                                (no ring)

@: very quick, somewhat resistant to hostile enchantments, extremely stealthy
A: unfitting armour, see invisible, herbivore 3, speed 3, slow metabolism 2
a: no special abilities


You were in the Dungeon.
You were not hungry.

You visited 1 branch You collected 486 gold pieces.

Inventory:

Hand weapons
 a - a +1,+1 dagger (weapon)
Missiles
 d - 12 darts (quivered)
Armour
 b - a +1 robe (worn)
Scrolls
 k - a scroll of blinking
Potions
 e - a potion of porridge
 f - a potion of curing
 g - a potion of heal wounds
 i - 2 potions of magic
 j - a potion of berserk rage
Books
 c - a book of Maledictions

   Spells                             Type                      Level
   *Corona                            Hexes                        1
   Sure Blade                         Hexes/Charms                 2
   *Ensorcelled Hibernation           Hexes/Ice                    2
   *Confuse                           Hexes                        3
   Enslavement                        Hexes                        4
   Invisibility                       Hexes                        6


   Skills:
 * Level 1.1 Short Blades
 - Level 1.1 Throwing
 + Level 3.0 Dodging
 - Level 10.1 Stealth
 + Level 10.8 Spellcasting
 + Level 11.0 Hexes


You had 20 spell levels left.
You knew the following spells:

 Your Spells              Type           Power        Failure   Level  Hunger
a - Corona                Hex            #####..      1%          1    None
b - Ensorcelled Hibernat  Hex/Ice        ###...       1%          2    None
c - Confuse               Hex            #####...     1%          3    #......


Dungeon Overview and Level Annotations

Branches:
Dungeon (1/1)

Altars:


Innate Abilities, Weirdness & Mutations

You are tiny and cannot use many weapons and most armour.
You have supernaturally acute eyesight.
You are a herbivore.
You cover ground extremely quickly.
You need consume almost no food.


Message History

The mermaid hits you with a trident!
Ouch! That really hurt!
Casting: Ensorcelled Hibernation
Confirm with . or Enter, or press ? or * to list all spells.
Aiming: Ensorcelled Hibernation
Press: ? - help, Shift-Dir - straight line, f - mermaid
Aim: a mermaid, wielding a trident (almost dead)
The mermaid resists with almost no effort.
The mermaid chants a haunting song.
You are mesmerised by the mermaid!
Casting: Ensorcelled Hibernation
Confirm with . or Enter, or press ? or * to list all spells.
Aiming: Confuse
Press: ? - help, Shift-Dir - straight line, f/p - mermaid
Aim: a mermaid, wielding a trident (almost dead, mesmerising)
The mermaid appears confused.
The mermaid stops singing.
You break out of your daze!
The mermaid hits you with a trident!
Ouch! That really hurt!
You die...

##+## ##.$.##
#m.#..# #
#@..#### ##.
##'###.##
#$B.##.###..#
#+.<.'.##+
#.B.##.###..#
##. ##'# #.##
# ##.######
#.##%.#
##..%#


You could see a mermaid (confused).

Vanquished Creatures
  4 brain worms (D)
  4 worker ants (D)
8 creatures vanquished.

Notes
Turn   | Place    | Note
--------------------------------------------------------------
     0 | D        | Groucho, the Spriggan Enchanter, began the quest for the Orb.
     0 | D        | Reached XP level 1. HP: 9/9 MP: 4/4
     1 | D        | Noticed a boulder beetle
     1 | D        | Noticed a boulder beetle
     5 | D        | Noticed a mermaid
     9 | D        | Noticed a worker ant
     9 | D        | Noticed a worker ant
    13 | D        | Noticed a brain worm
    36 | D        | Killed a brain worm
    36 | D        | Reached skill level 6 in Stealth
    36 | D        | Reached XP level 2. HP: 4/13 MP: 5/12
    36 | D        | Reached XP level 3. HP: 4/16 MP: 6/16
    40 | D        | Learned a level 2 spell: Ensorcelled Hibernation
    44 | D        | Learned a level 3 spell: Confuse
    44 | D        | Noticed a brain worm
    45 | D        | Killed a brain worm
    45 | D        | Reached skill level 7 in Stealth
    45 | D        | Reached skill level 8 in Hexes
    45 | D        | Reached XP level 4. HP: 5/21 MP: 6/20
   275 | D        | Noticed a brain worm
   275 | D        | Noticed a brain worm
   277 | D        | Killed a brain worm
   277 | D        | Reached skill level 9 in Spellcasting
   277 | D        | Reached XP level 5. HP: 24/24 MP: 21/23
   281 | D        | Killed a brain worm
   281 | D        | Reached skill level 10 in Hexes
   281 | D        | Reached XP level 6. HP: 28/28 MP: 15/25
   340 | D        | Noticed a worker ant
   340 | D        | Noticed a worker ant
   341 | D        | Killed a worker ant
   341 | D        | Reached skill level 10 in Spellcasting
   342 | D        | Killed a worker ant
   344 | D        | Killed a worker ant
   347 | D        | Killed a worker ant
   347 | D        | Reached skill level 10 in Stealth
   347 | D        | Reached skill level 11 in Hexes
   362 | D        | Slain by a mermaid

Action                   |  1- 3 |  4- 6 || total
-------------------------+-------+-------++-------
Melee: Dagger            |    21 |     7 ||    28
 Cast: Ensorcelled Hiber |       |     4 ||     4
       Confuse           |       |     1 ||     1
  Use: Potion            |     1 |       ||     1
 Stab: Sleeping          |     1 |     7 ||     8
